Map: King Sejong Station LE

Players

LaidOffGamer - Winner!

  • Race: Protoss Protoss

MLN

  • Race: Terran Terran
  • League: Diamond

VOD

Have the link to the VOD?

Description

Time

  • Played on: Oct. 23, 2016, 2:08 a.m.
  • Length: 11:03
Show
View Real Time Build Order
Export as new Build Order

LaidOffGamer Protoss - Winner!

Build Orders:  

Get SALT Encoding   

  12  0:01  Probe (Chrono Boost)  
  13  0:11  Probe (Chrono Boost)  
  14  0:18  Pylon  
  14  0:22  Probe (Chrono Boost)  
  15  0:36  Probe (Chrono Boost)  
  16  0:43  Gateway  
  16  0:47  Probe (Chrono Boost)  
  17  0:51  Pylon  
  17  0:57  Probe (Chrono Boost)  
  18  1:08  Gateway  
  18  1:10  Probe (Chrono Boost)  
  19  1:15  Assimilator  
  19  1:17  Assimilator  
  19  1:20  Probe (Chrono Boost)  
  20  1:31  Cybernetics Core  
  20  1:33  Probe (Chrono Boost)  
  21  1:44  Probe (Chrono Boost)  
  22  1:55  Probe (Chrono Boost)  
  22  2:01  Warp Gate  
  23  2:05  Probe (Chrono Boost)  
  24  2:09  Stalker x2  
  28  2:16  Probe (Chrono Boost)  
  28  2:19  Pylon  
  29  2:26  Probe (Chrono Boost)  
  30  2:39  Probe (Chrono Boost), Stalker x2  
  35  2:50  Probe (Chrono Boost)  
  34  3:01  Probe (Chrono Boost), Forge  
  36  3:13  Probe (Chrono Boost)  
  36  3:15  Stalker  
  38  3:23  Pylon  
  38  3:25  Probe (Chrono Boost)  
  39  3:32  Pylon  
  39  4:15  Protoss Ground Weapons Level 1  
  39  4:26  Probe (Chrono Boost)  
  39  4:30  Nexus, Unknown  
  40  4:36  Pylon  
  39  4:38  Probe (Chrono Boost)  
  39  4:55  Stalker x2  
  39  4:57  Gateway  
  39  4:59  Gateway  
  41  5:39  Stalker x2  
  41  5:42  Unknown  
  43  6:13  Robotics Facility  
  43  6:14  Nexus, Unknown  
  43  6:19  Pylon  
  43  6:42  Stalker  
  43  6:43  Stalker x3  
  51  6:59  Observer  
  51  7:06  Stargate  
  53  7:08  Probe (Chrono Boost)  
  53  7:09  Probe (Chrono Boost)  
  53  7:11  Assimilator  
  53  7:14  Assimilator  
  54  7:18  Immortal  
  54  7:20  Probe x2 (Chrono Boost)  
  60  7:26  Unknown  
  58  7:30  Probe (Chrono Boost)  
  58  7:32  Probe (Chrono Boost)  
  60  7:41  Probe (Chrono Boost)  
  60  7:43  Probe (Chrono Boost)  
  62  7:45  Protoss Shields Level 1  
  62  7:50  Phoenix  
  62  7:51  Probe (Chrono Boost)  
  62  7:54  Probe (Chrono Boost)  
  66  7:59  Stargate  
  66  8:02  Probe (Chrono Boost), Assimilator  
  66  8:04  Probe x2 (Chrono Boost)  
  69  8:07  Assimilator  
  69  8:12  Phoenix  
  70  8:13  Probe (Chrono Boost)  
  70  8:15  Probe (Chrono Boost)  
  70  8:16  Probe (Chrono Boost)  
  74  8:23  Probe (Chrono Boost)  
  74  8:25  Probe (Chrono Boost)  
  77  8:28  Probe (Chrono Boost)  
  77  8:34  Phoenix  
  77  8:40  Probe (Chrono Boost)  
  80  8:42  Phoenix  
  82  8:52  Probe (Chrono Boost)  
  83  8:55  Phoenix  
  85  9:06  Pylon  
  85  9:07  Phoenix  
  87  9:11  Pylon  
  87  9:14  Pylon  
  87  9:17  Phoenix  
  89  9:32  Phoenix  
  89  9:34  Nexus, Unknown  
  91  9:39  Phoenix  
  93  9:57  Phoenix  
  95  10:00  Phoenix  
  97  10:17  Twilight Council  
  97  10:19  Forge  
  97  10:22  Phoenix x2  
  97  10:23  Pylon  
  101  10:46  Probe (Chrono Boost), Unknown  
Show
View Real Time Build Order
Export as new Build Order

MLN Terran 

Build Orders:  

Get SALT Encoding   

  12  0:02  SCV  
  13  0:14  SCV  
  13  0:19  Supply Depot  
  14  0:26  SCV  
  15  0:34  Refinery  
  15  0:40  SCV  
  16  0:46  Barracks  
  16  0:52  SCV  
  17  0:59  Supply Depot  
  17  1:10  SCV  
  18  1:22  SCV  
  19  1:39  Reaper  
  20  1:40  Orbital Command  
  20  1:59  Refinery  
  20  2:03  Bunker  
  20  2:13  SCV  
  20  2:14  Marine  
  22  2:15  Supply Depot  
  22  2:28  Command Center, Unknown  
  22  2:29  SCV  
  22  2:38  Marine  
  23  2:56  SCV  
  23  2:58  Marine  
  24  3:04  Factory  
  24  3:05  Barracks  
  24  3:08  Engineering Bay  
  24  3:09  SCV  
  25  3:21  SCV  
  25  3:26  Barracks Reactor  
  26  3:28  Supply Depot  
  26  3:33  SCV  
  27  3:39  Unknown  
  27  3:43  Orbital Command  
  27  3:50  Starport  
  25  3:56  Marine  
  25  3:59  Widow Mine  
  28  4:06  Marine x2  
  30  4:14  Barracks  
  30  4:22  Supply Depot, Marine  
  31  4:25  Supply Depot, Marine  
  31  4:38  Marine  
  31  4:40  Marine  
  22  5:06  Marine  
  18  5:22  Widow Mine  
  18  5:24  Marine  
  6  5:42  Marine  
Tags
 
Add a new tag
Caveats
  • Supply blocks, unpowered buildings, or Contaminate may cause inaccurate times.
  • Supply counts are checked every 10 seconds.